[Event "January 9 Early 2024"]
[Site "https://www.chess.com"]
[Date "2024.01.11"]
[Round "9"]
[White "Salem, A.R. Saleh"]
[Black "Nakamura, Hikaru"]
[Result "0-1"]
[Board "165"]
[TimeControl "180+1"]
[WhiteFideId "9301348"]
[BlackFideId "2016192"]
[WhiteElo "2999"]
[BlackElo "3255"]
[WhiteTeam "UAE"]
[BlackTeam "USA"]
[WhiteClock "0:00:07"]
[BlackClock "0:00:04"]

1. d4 Nf6 2. c4 b6 3. Nc3 Bb7 4. Nf3 e6 5. a3 d5 6. cxd5 Nxd5 7. e3 Nxc3 8. bxc3 Nd7 9. Bd3 c5 10. O-O Be7 11. e4 Qc7 12. Qe2 O-O 13. Bb2 Rfd8 14. Rad1 Rac8 15. Rfe1 Bf8 16. e5 Be7 17. h4 Nf8 18. h5 c4 19. Bb1 b5 20. Nd2 a5 21. Qg4 b4 22. axb4 axb4 23. Re3 f5 24. exf6 Bxf6 25. Ne4 Bxe4 26. Bxe4 bxc3 27. Bxc3 Rb8 28. Bc2 Rb5 29. Qe2 Rbd5 30. Re4 h6 31. Rg4 Qd7 32. Bg6 Nxg6 33. hxg6 e5 34. Re4 exd4 35. Qxc4 Rc8 36. Qe2 Kh8 37. Bd2 d3 38. Qf3 Rf8 39. Rde1 Rf5 40. Qh3 Bd4 41. Rf4 Rxf4 42. Qxd7 Bxf2+ 43. Kf1 Be3# 0-1

[Event "January 9 Early 2024"]
[Site "https://www.chess.com"]
[Date "2024.01.11"]
[Round "9"]
[White "Berezin, Viktor"]
[Black "Novozhilov, Semen"]
[Result "1-0"]
[Board "166"]
[TimeControl "180+1"]
[WhiteFideId "14107872"]
[BlackFideId "24289167"]
[WhiteElo "2539"]
[BlackElo "2699"]
[WhiteTeam "UKR"]
[BlackTeam "RUS"]
[WhiteClock "0:00:42"]
[BlackClock "0:00:05"]

1. d4 Nf6 2. Nf3 e6 3. g3 d5 4. Bg2 c5 5. c4 cxd4 6. cxd5 Qxd5 7. Qxd4 Nc6 8. Qxd5 exd5 9. O-O Bf5 10. Nc3 O-O-O 11. Bg5 d4 12. Nb5 a6 13. Na3 h6 14. Bxf6 gxf6 15. Nc4 Kb8 16. Rac1 Be6 17. a3 h5 18. Rfd1 Bh6 19. e3 Bxc4 20. Rxc4 dxe3 21. Re1 Rhe8 22. fxe3 Rxe3 23. Kf1 Rxe1+ 24. Kxe1 Na5 25. Rc5 b5 26. Rxh5 Bc1 27. a4 Bxb2 28. axb5 Re8+ 29. Kf1 Nc4 30. bxa6 Ne3+ 31. Kg1 Ka7 32. Rb5 Ba3 33. Nd4 Nxg2 34. Kxg2 Kxa6 35. Rf5 Bb2 36. Rxf6+ Kb7 37. Rxf7+ Kb6 38. Nf3 Re2+ 39. Kh3 Kc6 40. Kg4 Kd6 41. h4 Ke6 42. Rf4 Bf6 43. h5 Kf7 44. Ng5+ Kg7 45. Ne4 Be5 46. Kf3 Re1 47. Rf5 Bb8 48. Rb5 Ba7 49. Rb7+ Kh6 50. Rxa7 Kxh5 51. g4+ Kh6 52. Kf4 Rf1+ 53. Ke5 Kg6 54. Ra6+ Kg7 55. g5 Rf8 56. Ng3 Re8+ 57. Kf5 Rf8+ 58. Rf6 Ra8 59. Nh5+ Kh7 60. Rf7+ Kg8 61. Kg6 Ra6+ 62. Nf6+ 1-0

[Event "January 9 Early 2024"]
[Site "https://www.chess.com"]
[Date "2024.01.11"]
[Round "9"]
[White "Garakov, Mikhael"]
[Black "Smirnov, Mark"]
[Result "1-0"]
[Board "167"]
[TimeControl "180+1"]
[WhiteFideId "4169034"]
[BlackFideId "13764594"]
[WhiteElo "2666"]
[BlackElo "2529"]
[WhiteTeam "RUS"]
[BlackTeam "KAZ"]
[WhiteClock "0:00:08"]
[BlackClock "0:00:02"]

1. e4 c5 2. Nf3 d6 3. d4 cxd4 4. Nxd4 Nf6 5. Nc3 Nc6 6. Bc4 Qb6 7. Nde2 g6 8. Be3 Qa5 9. f3 Bg7 10. Qd2 a6 11. O-O-O b5 12. Bb3 Be6 13. Kb1 Ne5 14. Bh6 Bxh6 15. Qxh6 Bxb3 16. cxb3 O-O-O 17. Nd5 Nxd5 18. exd5 Kb7 19. Qh4 Qc7 20. f4 Nd7 21. Nd4 Rc8 22. Rhe1 Nf6 23. Nc6 Nxd5 24. Nxe7 Qc2+ 25. Ka1 Nxe7 26. Qxe7+ Rc7 27. Qxd6 Rhc8 28. Qd5+ Kb8 29. a3 Qc6 30. Qd4 Kb7 31. Ka2 Qxg2 32. Re4 Qc2 33. Qd5+ Qc6 34. Qd4 Qb6 35. Qd5+ Qc6 36. Qe5 Rd7 37. Rxd7+ Qxd7 38. Rd4 Qe6 39. Qg7 Rc2 40. Rd8 Kb6 41. Qd4+ Kc7 42. Ra8 Rc6 43. Qd8+ Kb7 44. Qb8# 1-0

[Event "January 9 Early 2024"]
[Site "https://www.chess.com"]
[Date "2024.01.11"]
[Round "9"]
[White "Matta, Nicholas"]
[Black "Haring, Filip"]
[Result "1/2-1/2"]
[Board "168"]
[TimeControl "180+1"]
[WhiteFideId "30914523"]
[BlackFideId "14933080"]
[WhiteElo "2586"]
[BlackElo "2705"]
[WhiteTeam "USA"]
[BlackTeam "SVK"]
[WhiteClock "0:00:10"]
[BlackClock "0:00:03"]

1. Nf3 d5 2. g3 c5 3. Bg2 Nc6 4. O-O e5 5. d3 Bd6 6. Nc3 Nge7 7. e4 d4 8. Nd5 Nxd5 9. exd5 Ne7 10. Re1 f6 11. Nh4 O-O 12. c4 g5 13. Nf3 Ng6 14. Nd2 f5 15. Qh5 g4 16. b4 cxb4 17. c5 Bxc5 18. Nc4 Re8 19. Bg5 Qd7 20. Bf6 Qf7 21. Bxe5 Nxe5 22. Qxf7+ Kxf7 23. Nxe5+ Kf8 24. Rac1 Be7 25. Nc4 Bd7 26. Re5 Bf6 27. Rxe8+ Rxe8 28. Nd6 Re2 29. Nxb7 Rxa2 30. Nc5 Ke7 31. d6+ Kxd6 32. Nb7+ Ke7 33. Re1+ Kf8 34. Bd5 Rb2 35. Nc5 Bc8 36. Ra1 a6 37. Nxa6 Bxa6 38. Rxa6 Be7 39. Ra8+ Kg7 40. Ra7 Kf6 41. Rb7 Rb1+ 42. Kg2 Rd1 43. Bc4 Rd2 44. Rb6+ Kg5 45. Rb7 Kf6 46. Rb6+ Kg5 47. Rb7 Bf6 48. Rxh7 Kg6 49. Rb7 Rb2 50. Bf7+ Kg5 51. Bc4 Kg6 52. Bf7+ Kg5 53. Bc4 Kg6 1/2-1/2

[Event "January 9 Early 2024"]
[Site "https://www.chess.com"]
[Date "2024.01.11"]
[Round "9"]
[White "Aukhatov, Roman"]
[Black "Skaric, Djuro"]
[Result "1-0"]
[Board "169"]
[TimeControl "180+1"]
[WhiteFideId "44150768"]
[BlackFideId "934569"]
[WhiteElo "2444"]
[BlackElo "2295"]
[WhiteTeam "RUS"]
[BlackTeam "SRB"]
[WhiteClock "0:00:06"]
[BlackClock "0:00:34"]

1. Nf3 d6 2. d4 g6 3. e4 Bg7 4. c4 Nf6 5. Nc3 O-O 6. Be2 Nc6 7. d5 Ne5 8. Nxe5 dxe5 9. O-O h6 10. Be3 Ne8 11. c5 f5 12. f3 f4 13. Bf2 g5 14. b4 h5 15. Bc4 Kh8 16. a4 Nf6 17. b5 Ng8 18. a5 Nh6 19. c6 bxc6 20. bxc6 g4 21. a6 Rf6 22. Nb5 Rg6 23. Nxa7 gxf3 24. Qxf3 Bg4 25. Qd3 Bf6 26. Nb5 Bc8 27. a7 Ng4 28. Rfb1 Nxf2 29. Kxf2 Qg8 30. Rg1 Bh4+ 31. Kf1 Bh3 32. Nxc7 Bxg2+ 33. Ke2 f3+ 34. Kd2 Bf2 35. d6 Qd8 36. Nxa8 Rxd6 37. Bd5 Bxg1 38. Rxg1 Qxa8 39. Qe3 Kh7 40. c7 Rxd5+ 41. exd5 Qc8 42. Qe4+ Kh6 43. Qe3+ Kh7 44. Qe4+ Kh6 45. Qxe5 Qb7 46. Qe3+ Kh7 47. Qd3+ Kh6 48. Rb1 Qxa7 49. c8=Q Qf2+ 50. Kc3 Qh4 51. Qh8+ Kg5 52. Qg7+ 1-0

[Event "January 9 Early 2024"]
[Site "https://www.chess.com"]
[Date "2024.01.11"]
[Round "9"]
[White "Tharushi, T H D Niklesha"]
[Black "Novak, Ratko"]
[Result "1-0"]
[Board "170"]
[TimeControl "180+1"]
[WhiteFideId "9918264"]
[BlackFideId "14511827"]
[WhiteElo "2267"]
[BlackElo "2404"]
[WhiteTeam "SRI"]
[BlackTeam "CRO"]
[WhiteClock "0:00:33"]
[BlackClock "0:00:09"]

1. d4 d5 2. Nf3 c5 3. c3 cxd4 4. cxd4 Nc6 5. Nc3 f6 6. e3 Bg4 7. h3 Bh5 8. a3 e6 9. Be2 Bd6 10. b4 a6 11. Bb2 Rc8 12. Na4 Nge7 13. O-O Bb8 14. Nc5 Qd6 15. g3 Nd8 16. Kg2 O-O 17. Ne1 Bf7 18. Ned3 e5 19. dxe5 fxe5 20. Bxe5 Qg6 21. Bxb8 Rxb8 22. Nd7 Ne6 23. Nxb8 Rxb8 24. Ne5 Qe4+ 25. Nf3 Bg6 26. Kh2 Rf8 27. Nh4 Ng5 28. Nxg6 Nxg6 29. Qd3 Nf3+ 30. Kh1 Nd2+ 31. Qxe4 dxe4 32. Rad1 Nxf1 33. Bxf1 Rxf2 34. Bc4+ Kf8 35. Rf1 Rxf1+ 36. Bxf1 Ne5 37. Bg2 Nc4 38. Bxe4 b6 39. Bd3 Nxa3 40. Bxa6 Nc2 41. Bd3 Nxb4 42. Bxh7 Ke7 43. Kg2 Ke6 44. Kf3 Ke5 45. Bg8 Nc6 46. g4 b5 47. h4 b4 48. h5 Na5 49. g5 Kf5 50. h6 gxh6 51. gxh6 Kg6 52. h7 Kg7 53. Ke4 b3 54. Kd3 Nc6 55. Kc3 Na5 56. Bxb3 Kxh7 57. Bd5 Kg6 58. Kb4 Kf6 59. Kxa5 Ke5 60. e4 1-0

[Event "January 9 Early 2024"]
[Site "https://www.chess.com"]
[Date "2024.01.11"]
[Round "9"]
[White "Sieciechowicz, Marcin"]
[Black "Wafa, Hamed"]
[Result "1-0"]
[Board "171"]
[TimeControl "180+1"]
[WhiteFideId "1130170"]
[BlackFideId "10628452"]
[WhiteElo "2695"]
[BlackElo "2801"]
[WhiteTeam "POL"]
[BlackTeam "EGY"]
[WhiteClock "0:00:06"]
[BlackClock "0:00:12"]

1. d4 Nf6 2. Nc3 d5 3. Bf4 c5 4. e4 cxd4 5. Qxd4 Nc6 6. Bb5 Bd7 7. Bxc6 Bxc6 8. e5 Nd7 9. e6 fxe6 10. Nf3 Qb6 11. Be5 Qxd4 12. Bxd4 Rg8 13. h4 g6 14. O-O-O Bh6+ 15. Kb1 Bg7 16. Rhe1 Bxd4 17. Rxd4 Nf8 18. Ng5 Kd7 19. Rf4 Kd6 20. Rf7 h6 21. Nf3 Nd7 22. Rd1 Raf8 23. Rh7 h5 24. Ne4+ Kc7 25. Neg5 Rf6 26. Rxe7 Kd6 27. Rh7 Kc5 28. a3 e5 29. Rxd7 Bxd7 30. Nxe5 Bf5 31. b4+ Kd6 32. Nc4+ Kc7 33. Rxd5 Re8 34. Ne3 Bd7 35. Rd2 Bc6 36. Kb2 Rd8 37. Rxd8 Kxd8 38. f3 Kc7 39. Kc3 a5 40. Kd2 axb4 41. axb4 Rf4 42. b5 Bd7 43. Nd5+ Kd6 44. Nxf4 Bxb5 45. Nxg6 Bf1 46. Nf4 Ke5 47. g3 b5 48. Nxh5 Kf5 49. Nf4 b4 50. Nd3 Bg2 51. Nxb4 Bf1 52. Nd3 Bg2 53. Ke3 Bf1 54. Kf2 1-0

[Event "January 9 Early 2024"]
[Site "https://www.chess.com"]
[Date "2024.01.11"]
[Round "9"]
[White "Kraus, Tomas"]
[Black "Yelisieiev, Yevhenii"]
[Result "0-1"]
[Board "172"]
[TimeControl "180+1"]
[WhiteFideId "331708"]
[BlackFideId "14139642"]
[WhiteElo "2345"]
[BlackElo "2504"]
[WhiteTeam "CZE"]
[BlackTeam "GER"]
[WhiteClock "0:00:05"]
[BlackClock "0:00:19"]

1. e4 d6 2. d4 Nf6 3. Nc3 e5 4. Nf3 Nbd7 5. Bc4 Be7 6. O-O O-O 7. Bg5 c6 8. Qd2 b5 9. Bb3 b4 10. Ne2 Nxe4 11. Bxe7 Nxd2 12. Bxd8 Nxf3+ 13. gxf3 Rxd8 14. f4 Ba6 15. Rfe1 Bxe2 16. Rxe2 exd4 17. Rd1 Nc5 18. Rxd4 Nxb3 19. axb3 c5 20. Rd5 Rd7 21. Red2 Rad8 22. c3 a5 23. f3 Kf8 24. Kf2 Ke7 25. Re2+ Kf6 26. Red2 g6 27. Kg3 h5 28. h4 Ke6 29. f5+ gxf5 30. Kf4 bxc3 31. bxc3 a4 32. bxa4 Ra8 33. Rxf5 Rxa4+ 34. Kg5 d5 35. Re2+ Kd6 36. Ree5 Kc6 37. Rf6+ Kc7 38. Ref5 Rc4 39. Rxf7 Rxf7 40. Rxf7+ Kd6 41. Kxh5 Rxc3 42. Kg6 Rc1 43. h5 Rg1+ 44. Kh6 c4 45. Rg7 Rf1 46. Rg6+ Kd7 47. Kg7 c3 48. h6 c2 49. h7 c1=Q 50. h8=Q Qc3+ 51. Rf6 Rxf3 52. Qf8 Qxf6+ 53. Qxf6 Rxf6 54. Kxf6 d4 55. Ke5 d3 56. Kd4 d2 57. Kc3 d1=Q 0-1

[Event "January 9 Early 2024"]
[Site "https://www.chess.com"]
[Date "2024.01.11"]
[Round "9"]
[White "Rohith Krishna S"]
[Black "Svane, Frederik"]
[Result "1/2-1/2"]
[Board "173"]
[TimeControl "180+1"]
[WhiteFideId "46617051"]
[BlackFideId "12923044"]
[WhiteElo "2842"]
[BlackElo "2984"]
[WhiteTeam "IND"]
[BlackTeam "GER"]
[WhiteClock "0:00:33"]
[BlackClock "0:00:02"]

1. Nf3 c5 2. g3 g6 3. Bg2 Bg7 4. O-O Nc6 5. d3 d6 6. c4 Bf5 7. Nc3 Qd7 8. Re1 Bh3 9. Bh1 h5 10. Bg5 h4 11. e4 Bg4 12. Qd2 hxg3 13. fxg3 Nf6 14. Nd5 Bxf3 15. Bxf3 Nd4 16. Bg2 Nxd5 17. exd5 Be5 18. Re4 f6 19. Bf4 Kf7 20. Rf1 Kg7 21. h4 b5 22. b3 a5 23. Qf2 Raf8 24. Qd2 b4 25. Rf2 a4 26. Qd1 a3 27. Qf1 Qc8 28. Bh3 Qa8 29. Qg2 Qb8 30. Kf1 Qc7 31. Ke1 Bxf4 32. gxf4 Rxh4 33. f5 Rxe4+ 34. dxe4 g5 35. Bg4 Rh8 36. Qg3 Qd8 37. Rh2 Rxh2 38. Qxh2 Qh8 39. Qxh8+ Kxh8 40. Bd1 Kg7 41. Kf2 Kh7 42. Kg3 Kg7 43. Kg4 Kh6 44. Kg3 Kh7 45. Kg4 Kg7 46. Kg3 Kf8 47. Kg4 Kf7 48. Kg3 Ke8 49. Kg4 Kd7 50. Kg3 Kc7 51. Kg4 Kb6 52. Kh5 Kb7 53. Kg4 Kc8 54. Kh5 Kd7 55. Kg4 Kd8 56. Kg3 Ke8 57. Kg4 Kf8 58. Kg3 Kg7 59. Kg4 Kf7 60. Kg3 Ke8 1/2-1/2

[Event "January 9 Early 2024"]
[Site "https://www.chess.com"]
[Date "2024.01.11"]
[Round "9"]
[White "Harriott, Tyrell"]
[Black "Parfenov, Viktor N."]
[Result "0-1"]
[Board "174"]
[TimeControl "180+1"]
[WhiteFideId "2086484"]
[BlackFideId "4165969"]
[WhiteElo "2351"]
[BlackElo "2506"]
[WhiteTeam "USA"]
[BlackTeam "RUS"]
[WhiteClock "0:00:05"]
[BlackClock "0:00:14"]

1. d4 d5 2. e3 Nf6 3. Bd3 c5 4. c3 Nc6 5. f4 Bg4 6. Ne2 e6 7. Nd2 Bd6 8. O-O O-O 9. Nf3 Bf5 10. Ng3 Bxd3 11. Qxd3 Nd7 12. Bd2 f5 13. b3 Nf6 14. Rac1 Ne4 15. Be1 a6 16. Qe2 b5 17. Nxe4 fxe4 18. Ng5 Qe7 19. Qg4 Rae8 20. Nh3 c4 21. b4 Qf7 22. a4 h6 23. Ra1 Qf5 24. Qe2 Ra8 25. Bh4 Rfb8 26. Kh1 Bxb4 27. cxb4 Nxb4 28. g4 Qf7 29. Rg1 Nd3 30. g5 h5 31. g6 Qf5 32. Qg2 Qg4 33. Bg3 Qf3 34. Nf2 b4 35. Nxd3 Qxg2+ 36. Kxg2 exd3 37. Be1 c3 38. Kf3 Rc8 39. Rg2 Rab8 40. Rb1 c2 41. Rc1 b3 42. Bd2 b2 43. Rgg1 bxc1=Q 44. Bxc1 Rb1 45. Kf2 Rxc1 46. Rxc1 d2 47. Rf1 d1=Q 48. Kg2 Qxf1+ 49. Kxf1 c1=Q+ 50. Kf2 Rc2+ 51. Kf3 Qf1+ 52. Kg3 Re2 53. Kh4 Rxe3 54. Kg5 Qg2+ 55. Kxh5 Re4 56. h4 Qf3+ 57. Kg5 Qxf4+ 0-1

[Event "January 9 Early 2024"]
[Site "https://www.chess.com"]
[Date "2024.01.11"]
[Round "9"]
[White "Fier, Alexandr"]
[Black "Kuzubov, Yuriy"]
[Result "0-1"]
[Board "175"]
[TimeControl "180+1"]
[WhiteFideId "2107139"]
[BlackFideId "14112906"]
[WhiteElo "2736"]
[BlackElo "2873"]
[WhiteTeam "BRA"]
[BlackTeam "UKR"]
[WhiteClock "0:00:32"]
[BlackClock "0:00:16"]

1. c4 e5 2. Nc3 Bb4 3. Nd5 a5 4. Nf3 d6 5. e3 Nf6 6. a3 Bc5 7. d4 Nxd5 8. dxc5 Nf6 9. cxd6 Qxd6 10. Qxd6 cxd6 11. Be2 Be6 12. O-O Nbd7 13. Rd1 Ke7 14. a4 Nc5 15. Nd2 Bf5 16. b3 Bc2 17. Re1 Bxb3 18. Ba3 Bc2 19. Rec1 Bf5 20. f3 Rhc8 21. e4 Bd7 22. Rab1 Bxa4 23. Nf1 Bc6 24. Ne3 g6 25. Rd1 Rab8 26. Bc1 Nfd7 27. Ba3 Nf8 28. Nd5+ Bxd5 29. cxd5 Nfd7 30. Rb5 b6 31. Rc1 Rc7 32. Bf1 Rbc8 33. g3 Nb7 34. Ra1 Rc3 35. Bh3 Rxf3 36. Bxd7 Kxd7 37. Rxb6 Rc7 38. Rab1 Rxa3 39. Rxb7 Rc3 40. Rb8 Rc1+ 41. Rxc1 Rxc1+ 42. Kg2 h5 43. Ra8 Rc4 44. Ra7+ Ke8 45. Kf3 a4 46. h4 f5 47. exf5 gxf5 48. Ke3 f4+ 49. gxf4 Rxf4 50. Ra6 Ke7 51. Ra7+ Kd8 52. Ra6 Kc7 53. Ra7+ Kb6 54. Ra8 Kc5 55. Ra5+ Kc4 56. Rxa4+ Kxd5 57. Rxf4 exf4+ 58. Kxf4 Ke6 59. Ke4 d5+ 60. Kd4 Kd6 61. Kd3 Ke5 62. Ke3 Kf5 63. Kd4 Ke6 64. Kd3 Ke5 65. Ke3 Kf5 66. Kd4 Kg4 67. Kxd5 Kxh4 68. Ke4 Kg3 69. Ke3 h4 0-1

[Event "January 9 Early 2024"]
[Site "https://www.chess.com"]
[Date "2024.01.11"]
[Round "9"]
[White "Pesotskiy, Mikhail"]
[Black "Nord, Alexander"]
[Result "1-0"]
[Board "176"]
[TimeControl "180+1"]
[WhiteFideId "34164453"]
[BlackFideId "1738135"]
[WhiteElo "2488"]
[BlackElo "2342"]
[WhiteTeam "RUS"]
[BlackTeam "SWE"]
[WhiteClock "0:00:18"]
[BlackClock "0:00:04"]

1. d4 Nf6 2. c4 e6 3. Nc3 Bb4 4. Qc2 O-O 5. a3 Bxc3+ 6. Qxc3 d5 7. Bg5 c5 8. dxc5 d4 9. Qc2 e5 10. e3 Re8 11. Nf3 h6 12. Bxf6 Qxf6 13. Be2 Qe7 14. b4 d3 15. Bxd3 e4 16. Bxe4 Qxe4 17. Qxe4 Rxe4 18. O-O Nc6 19. Nd2 Re8 20. Rfd1 Be6 21. Kf1 Red8 22. Ke2 Rd7 23. Rac1 Rad8 24. f4 Bf5 25. e4 Bg4+ 26. Nf3 Nd4+ 27. Ke3 Nc2+ 28. Ke2 Rxd1 29. Rxd1 Rxd1 30. Kxd1 Ne3+ 31. Ke2 Nxc4 32. a4 Kf8 33. a5 a6 34. Kd3 Bxf3 35. gxf3 Na3 36. f5 Ke7 37. e5 Kd7 38. f4 Nb5 39. Kc4 Nc7 40. h4 h5 41. Kd4 Kc6 42. Ke4 Kb5 43. e6 fxe6 44. fxe6 Nxe6 45. Kf5 Nf8 46. Kg5 g6 47. Kf6 Kxb4 48. Kf7 Nd7 49. Kxg6 Kxc5 50. Kxh5 b5 51. axb6 Nxb6 52. Kg6 1-0

[Event "January 9 Early 2024"]
[Site "https://www.chess.com"]
[Date "2024.01.11"]
[Round "9"]
[White "Kiselev, Vitalii"]
[Black "Anton Guijarro, David"]
[Result "0-1"]
[Board "177"]
[TimeControl "180+1"]
[WhiteFideId "4194128"]
[BlackFideId "2285525"]
[WhiteElo "2779"]
[BlackElo "2978"]
[WhiteTeam "FID"]
[BlackTeam "ESP"]
[WhiteClock "0:00:01"]
[BlackClock "0:00:07"]

1. e4 c5 2. Nc3 Nc6 3. Bb5 Nd4 4. Nf3 e6 5. O-O a6 6. Bd3 Nc6 7. e5 Qc7 8. Re1 Nge7 9. b3 Ng6 10. Bb2 Be7 11. Ne4 Ncxe5 12. Nxe5 Nxe5 13. Nxc5 Nxd3 14. Nxd3 O-O 15. c4 f6 16. Qf3 b6 17. Rac1 Bb7 18. Qe3 Bc6 19. Nf4 Bd6 20. g3 Bxf4 21. Qxf4 Qxf4 22. gxf4 Kf7 23. Kf1 Kg6 24. Ke2 Kf5 25. Rg1 Rf7 26. Ke3 d5 27. Rg3 dxc4 28. bxc4 h6 29. h4 Rd8 30. Rcg1 Rfd7 31. d4 b5 32. Rxg7 Rxg7 33. Rxg7 bxc4 34. h5 Bd5 35. Rg6 Rb8 36. Bc3 Rb1 37. Rxh6 Rd1 38. Bd2 Rh1 39. Rh8 Rh3+ 40. f3 Rxf3+ 41. Ke2 Rh3 42. h6 c3 43. Be3 Bc4+ 44. Kf2 Ke4 45. Rc8 Kd3 46. f5 Rxe3 47. h7 Rh3 48. h8=Q Rxh8 49. Rxh8 c2 50. Rh1 Kd2 51. fxe6 Bxe6 52. Kg3 c1=Q 0-1

[Event "January 9 Early 2024"]
[Site "https://www.chess.com"]
[Date "2024.01.11"]
[Round "9"]
[White "Babayeva, Nasrin"]
[Black "Subramanian, Anusha"]
[Result "0-1"]
[Board "178"]
[TimeControl "180+1"]
[WhiteFideId "13416626"]
[BlackFideId "477710"]
[WhiteElo "1841"]
[BlackElo "2105"]
[WhiteTeam "AZE"]
[BlackTeam "ENG"]
[WhiteClock "0:00:07"]
[BlackClock "0:00:04"]

1. c4 e5 2. g3 Nc6 3. Bg2 f5 4. Nc3 Nf6 5. Nf3 Bb4 6. Nd5 Be7 7. d4 e4 8. Ne5 d6 9. Nxc6 bxc6 10. Nxe7 Qxe7 11. O-O O-O 12. Bg5 h6 13. Bxf6 Rxf6 14. e3 Bd7 15. Qc2 Raf8 16. Qa4 g5 17. Rae1 d5 18. cxd5 cxd5 19. Qxa7 f4 20. exf4 gxf4 21. Qxc7 f3 22. Bh3 Rd6 23. Re3 Rc8 24. Qb7 Rc2 25. Bxd7 Rxd7 26. Qa8+ Rd8 27. Qa6 Rd6 28. Qa3 Qe6 29. Rfe1 Qh3 30. Rxf3 exf3 31. Qa8+ Qc8 32. Re8+ Qxe8 33. Qxe8+ Kg7 34. Qe5+ Rf6 35. h4 Rc1+ 36. Kh2 Rc2 37. Qe7+ Rf7 38. Qe5+ Rf6 39. Qxd5 Rxf2+ 40. Kh3 Rg2 41. Qb7+ Rf7 42. Qe4 f2 43. Qxg2 f1=Q 44. Qxf1 Rxf1 45. b4 Rb1 46. a3 Rb3 47. d5 Rxa3 48. d6 Rd3 49. d7 Rxd7 50. b5 Rb7 51. b6 Rxb6 52. Kg4 Kf6 53. Kh3 Kf5 0-1

[Event "January 9 Early 2024"]
[Site "https://www.chess.com"]
[Date "2024.01.11"]
[Round "9"]
[White "Marchesich, Giovanni"]
[Black "Ronka, Erik"]
[Result "0-1"]
[Board "179"]
[TimeControl "180+1"]
[WhiteFideId "2824790"]
[BlackFideId "505080"]
[WhiteElo "2388"]
[BlackElo "2528"]
[WhiteTeam "ITA"]
[BlackTeam "FIN"]
[WhiteClock "0:00:01"]
[BlackClock "0:00:05"]

1. d4 Nf6 2. Nc3 d5 3. Bf4 c5 4. e4 Nxe4 5. Nxe4 dxe4 6. d5 a6 7. f3 e6 8. d6 Nc6 9. fxe4 e5 10. Bg3 Qxd6 11. Qh5 Qg6 12. Qxg6 hxg6 13. Nf3 f6 14. O-O-O Ke7 15. Nh4 Rh6 16. Be2 Be6 17. h3 Nd4 18. Bf3 g5 19. Nf5+ Bxf5 20. exf5 Nxf3 21. gxf3 Rd8 22. Bf2 b6 23. b4 cxb4 24. Bxb6 Rxd1+ 25. Rxd1 Rxh3 26. Ba5 Ke8 27. Rd8+ Kf7 28. Rd7+ Ke8 29. Rd8+ Ke7 30. Rb8 Kf7 31. Rb7+ Kg8 32. Rb8 g6 33. Bxb4 gxf5 34. Bxf8 Rxf3 35. Kb2 g4 36. c4 g3 37. Bc5+ Kf7 38. Bb6 e4 39. Rb7+ Ke6 40. Rh7 e3 41. Kc3 g2 42. Rg7 e2+ 43. Kd2 Rf4 44. Kxe2 Rxc4 45. Be3 Rc2+ 46. Bd2 Rxa2 47. Rxg2 f4 48. Rg8 Kf5 49. Rc8 Ra4 50. Kf3 Ra3+ 51. Kf2 Ra2 52. Ke2 a5 0-1

[Event "January 9 Early 2024"]
[Site "https://www.chess.com"]
[Date "2024.01.11"]
[Round "9"]
[White "Galchenko, Matvey"]
[Black "Svane, Rasmus"]
[Result "1-0"]
[Board "180"]
[TimeControl "180+1"]
[WhiteFideId "24175480"]
[BlackFideId "4657101"]
[WhiteElo "2940"]
[BlackElo "3023"]
[WhiteTeam "FID"]
[BlackTeam "GER"]
[WhiteClock "0:00:04"]
[BlackClock "0:00:04"]

1. e4 c6 2. d4 d5 3. exd5 cxd5 4. Bd3 Nc6 5. c3 Nf6 6. h3 e5 7. dxe5 Nxe5 8. Qe2 Qe7 9. Bc2 g6 10. Bf4 Nc6 11. Nf3 Qxe2+ 12. Kxe2 Bg7 13. Re1 O-O 14. Kf1 Be6 15. Nbd2 Rfd8 16. Nb3 b6 17. Rad1 h6 18. Bxg6 d4 19. Nbxd4 Nxd4 20. Nxd4 Bxa2 21. Bd3 Nd5 22. Be5 Bxe5 23. Rxe5 Nf6 24. b3 Rac8 25. Bc4 b5 26. Rxb5 Rxc4 27. bxc4 Bxc4+ 28. Ke1 Re8+ 29. Kd2 Ne4+ 30. Kc2 Nxf2 31. Ra1 Bxb5 32. Nxb5 Re2+ 33. Kb3 Ne4 34. Rxa7 Rxg2 35. Re7 f5 36. Nd4 Rf2 37. Re5 Nd6 38. Rd5 Ne4 39. Rxf5 Rh2 40. Rh5 Kh7 41. Rh4 Nd2+ 42. Kb4 Kg6 43. Rg4+ Kh5 44. Rg3 Ne4 45. Re3 Ng5 46. c4 Rxh3 47. Rxh3+ Nxh3 48. c5 Nf4 49. c6 Nd5+ 50. Kc5 Nc7 51. Kd6 Na6 52. Nb3 1-0

[Event "January 9 Early 2024"]
[Site "https://www.chess.com"]
[Date "2024.01.11"]
[Round "9"]
[White "Mirza, Diana"]
[Black "Tarnowska, Aleksandra"]
[Result "0-1"]
[Board "181"]
[TimeControl "180+1"]
[WhiteFideId "2503999"]
[BlackFideId "1180967"]
[WhiteElo "2003"]
[BlackElo "2182"]
[WhiteTeam "IRL"]
[BlackTeam "POL"]
[WhiteClock "0:00:10"]
[BlackClock "0:00:16"]

1. e4 c5 2. Nf3 e6 3. d4 cxd4 4. Nxd4 a6 5. c4 Qc7 6. Nc3 Nf6 7. Be2 Bb4 8. f3 Nc6 9. Be3 Ne5 10. Qb3 Bc5 11. O-O-O O-O 12. g4 d6 13. g5 Nfd7 14. f4 Nc6 15. f5 e5 16. Nd5 Nxd4 17. Bxd4 Qa5 18. Bc3 Qd8 19. g6 fxg6 20. fxg6 h6 21. Rdf1 Nf6 22. Nxf6+ Rxf6 23. Rxf6 Qxf6 24. Rf1 Qxg6 25. Bd3 b6 26. Bb4 Bh3 27. Bxc5 Bxf1 28. Bxb6 Bxd3 29. c5+ Kh7 30. Qxd3 dxc5 31. Bxc5 Rc8 32. b4 a5 33. Kb2 axb4 34. Bxb4 Qb6 35. Kb3 Rd8 36. Qc4 Qe3+ 37. Bc3 Rb8+ 38. Ka3 Qa7+ 39. Qa4 Qc5+ 40. Bb4 Qe3+ 41. Qb3 Ra8+ 42. Kb2 Qxe4 43. a4 Qe2+ 44. Ka3 Rd8 45. Qb1+ Kh8 46. Qg6 Rd3+ 47. Bc3 Rxc3+ 48. Kb4 Qc4+ 49. Ka5 Qc5+ 50. Ka6 Qc6+ 51. Qxc6 Rxc6+ 52. Kb5 Rc2 53. a5 Rxh2 54. a6 Rb2+ 55. Ka4 Ra2+ 56. Kb3 Rxa6 57. Kc2 e4 58. Kd2 Ra3 59. Ke2 h5 60. Ke1 h4 61. Ke2 h3 62. Ke1 Ra2 63. Kf1 h2 0-1

[Event "January 9 Early 2024"]
[Site "https://www.chess.com"]
[Date "2024.01.11"]
[Round "9"]
[White "Hrebenshchykova, Yelyzaveta"]
[Black "Kraiouchkine, Nikita"]
[Result "0-1"]
[Board "182"]
[TimeControl "180+1"]
[WhiteFideId "14159899"]
[BlackFideId "2607140"]
[WhiteElo "2495"]
[BlackElo "2632"]
[WhiteTeam "UKR"]
[BlackTeam "CAN"]
[WhiteClock "0:00:02"]
[BlackClock "0:00:24"]

1. e4 e5 2. Nf3 Nc6 3. Bb5 f5 4. d3 fxe4 5. dxe4 Nf6 6. Nc3 Bb4 7. Qd3 Qe7 8. O-O Bxc3 9. bxc3 d6 10. a4 Be6 11. Ng5 Bd7 12. f4 h6 13. Nf3 exf4 14. Bxf4 O-O 15. Rfe1 Ng4 16. Bg3 a6 17. Bxc6 Bxc6 18. h3 Ne5 19. Nxe5 dxe5 20. Qe3 Rad8 21. a5 Qe6 22. Qc5 Rfe8 23. Re2 Bb5 24. Rf2 c6 25. Re1 Qd6 26. Qxd6 Rxd6 27. Rf5 Rd2 28. Rxe5 Rxe5 29. Bxe5 Rxc2 30. Bd4 Kf7 31. Re3 Ra2 32. Rf3+ Ke6 33. Bxg7 Rxa5 34. Rf6+ Ke7 35. Rxh6 Ra1+ 36. Kh2 Re1 37. e5 a5 38. Bf6+ Kf7 39. Rh7+ Ke6 40. Rxb7 a4 41. Ra7 Rc1 42. h4 Rxc3 43. h5 Bd3 44. h6 a3 45. h7 Bxh7 46. Rxh7 c5 47. Re7+ Kf5 48. Ra7 Rb3 49. Bg7 c4 50. Bf8 Kxe5 51. Rxa3 Rb8 52. Bg7+ Ke4 53. Bf6 Rf8 54. Bg7 Rf7 55. Bb2 Rf2 56. Bg7 Rf7 57. Bb2 Rh7+ 58. Kg1 Kd5 59. Bc3 Rb7 60. Ra5+ Ke4 61. Rc5 Kd3 62. Bf6 Rb6 63. Be5 Ra6 64. g4 Rg6 0-1

[Event "January 9 Early 2024"]
[Site "https://www.chess.com"]
[Date "2024.01.11"]
[Round "9"]
[White "Espinoza Villanueva, Rodrigo"]
[Black "Travkina, Anastasia"]
[Result "1/2-1/2"]
[Board "183"]
[TimeControl "180+1"]
[WhiteFideId "5140188"]
[BlackFideId "24129151"]
[WhiteElo "2591"]
[BlackElo "2462"]
[WhiteTeam "MEX"]
[BlackTeam "RUS"]
[WhiteClock "0:00:06"]
[BlackClock "0:00:13"]

1. e4 c5 2. Nf3 d6 3. c3 Nf6 4. Be2 g6 5. O-O Bg7 6. e5 dxe5 7. Nxe5 O-O 8. d4 cxd4 9. cxd4 Nc6 10. Nxc6 bxc6 11. Nc3 Rb8 12. Bf3 Nd5 13. Nxd5 cxd5 14. b3 Qa5 15. Bf4 Rb7 16. Re1 Bf5 17. Qe2 Bxd4 18. Rad1 Bc3 19. Rxd5 Qb4 20. Bh6 Bxe1 21. Bxf8 Kxf8 22. Rd8+ Kg7 23. Bxb7 Bc3 24. Bf3 e5 25. h3 h5 26. Rd5 e4 27. Rxf5 gxf5 28. Bxh5 Be5 29. Qe3 Bf6 30. g4 Qa5 31. a4 Qd5 32. g5 Be5 33. Qxa7 f4 34. g6 Qxb3 35. Qxf7+ Qxf7 36. gxf7 Bc3 37. Kf1 f3 38. Kg1 Bb4 39. h4 Ba5 40. Kh2 Bc7+ 41. Kh3 Bb6 42. Kg3 Bc7+ 43. Kg4 Bb6 44. Kf4 e3 45. Kxf3 exf2 46. Ke2 Bc5 47. Bf3 Bb6 48. h5 Kxf7 49. h6 Kg6 50. h7 Kxh7 51. Be4+ Kg7 52. Kf1 Kf6 53. Bc6 Ke5 54. Bb5 Kd4 55. Be8 Kc5 56. Bb5 Kb4 57. Be8 Ka5 58. Bd7 Kb4 1/2-1/2